 Dungeon Crawl Stone Soup version 0.26.1-11-gd32895ea62 (webtiles) character file.

Game seed: 13606827693810618234

334 Zeld the Chucker (level 6, -5/39 HPs)
             Began as an Octopode Brigand on May 13, 2021.
             Killed by nerve-wracking pain
             ... invoked by Grinder
              (9 damage)
             ... on level 4 of the Dungeon.
             The game lasted 00:08:21 (5689 turns).

Zeld the Chucker (Octopode Brigand)                 Turns: 5689, Time: 00:08:23

Health: -5/39      AC:  1    Str: 12    XL:     6   Next: 53%
Magic:  6/6        EV: 13    Int: 13    God:
Gold:   258        SH:  0    Dex: 14    Spells: 5/5 levels left

rFire    . . .     SeeInvis .   a - +2 dagger
rCold    . . .     Faith    .   (no shield)
rNeg     . . .     Spirit   .   (helmet restricted)
rPois    .         Reflect  .   (no amulet)
rElec    .         Harm     .   (no ring)
rCorr    .         Rampage  .   (no ring)
Will     .....                  (no ring)
Stlth    ++++......             (no ring)
HPRegen  0.13/turn              (no ring)
MPRegen  0.10/turn              (no ring)
                                (no ring)
                                (no ring)

@: attractive
A: almost no armour, stealthy swim, amphibious, 8 rings, constrict 8, camouflage
1, gelatinous body 1
a: no special abilities


You were on level 4 of the Dungeon.
You visited 1 branch of the dungeon, and saw 4 of its levels.
You also visited: Sewer.

You collected 258 gold pieces.

Inventory:

Hand Weapons
 a - a +2 dagger (weapon)
 l - a +0 dagger of protection
Missiles
 b - 6 poisoned darts (quivered)
Jewellery
 n - an uncursed amulet of faith {unknown}
 p - an uncursed ring of magical power {unknown}
Scrolls
 d - a scroll of blinking {unknown}
 f - 5 scrolls of identify {unknown}
 g - a scroll of remove curse {unknown}
 i - 2 scrolls of magic mapping {unknown}
 o - 2 scrolls of random uselessness {unknown}
 q - a scroll of teleportation {unknown}
 s - a scroll of fog {unknown}
Potions
 h - a potion of attraction
 j - 2 potions of resistance {unknown}
 k - 2 potions of curing {unknown}
 m - 2 potions of might {unknown}
 r - a potion of berserk rage {unknown}


   Skills:
 - Level 2.0 Fighting
 * Level 3.6 Short Blades
 - Level 6.0 Throwing
 - Level 1.0 Dodging
 - Level 5.3 Stealth


You had 5 spell levels left.
You didn't know any spells.
Your spell library was empty.

Dungeon Overview and Level Annotations

Branches:
Dungeon (4/15)              Sewer (visited)
 Temple: D:4-7

Altars:
Cheibriados
Elyvilon
Gozag
Okawaru

Annotations:
D:4 Grinder


Innate Abilities, Weirdness & Mutations

You cannot wear most types of armour.
You are very stealthy in the water. (Stealth+)
You are amphibious.
You can wear up to eight rings at the same time.
You can use your tentacles to constrict eight enemies at once.
Your skin changes colour to match your surroundings (Stealth+).
Your rubbery body absorbs attacks. (AC +1, EV +1)


Message History

You are too injured to fight recklessly!
You barely miss Grinder. Your grab misses Grinder.
Grinder is severely wounded.
Grinder hits you.
* * * LOW HITPOINT WARNING * * *
You writhe in agony.
* * * LOW HITPOINT WARNING * * *
Unknown command.
You hit Grinder but do no damage. Your grab misses Grinder.
Grinder is severely wounded.
Grinder blinks!
It was a potion of attraction.
You feel attractive to monsters.
You hit Grinder but do no damage. You grab Grinder.
You squeeze Grinder, but do no damage.
Grinder is severely wounded.
You constrict Grinder. Grinder gestures at you. Pain shoots through your body!
You die...

..................#
......######......#
...........+......+
......######......######
###.#.## ###..........
###>...## #..........
.##[....## #..........
.#.......# #(.5.......
.#.......# #..@....[..
.##.....##
#..(..ยง...### .##....##
#..(......# .##....#
#.........# .##....#
#..(......# .'.....#
#.........# .###...#
#.........# .+.....##
#.........# .#####..#


You could see Grinder.

Vanquished Creatures
  Purgy (Sewer)
  Crazy Yiuf (D:2)
  A centaur skeleton (D:4)
  Natasha (D:3)
  A worker ant (D:4)
  2 adders (D:2)
  A gnoll (D:1)
  An ooze (D:3)
  4 worms (D:3)
  A dart slug (D:3)
  3 leopard geckos
  3 orcs (D:3)
  4 ball pythons
  3 giant cockroaches
  8 goblins
  10 hobgoblins
  4 jackals (D:2)
  9 kobolds
  2 quokkas (D:2)
  16 bats
  2 frilled lizards (D:1)
  8 rats
86 creatures vanquished.

Vanquished Creatures (others)
  A fungus (D:2)
1 creature vanquished.

Grand Total: 87 creatures vanquished

Notes
Turn   | Place    | Note
-------+----------+-------------------------------------------
     0 | D:1      | Zeld the Octopode Brigand began the quest for the Orb.
     0 | D:1      | Reached XP level 1. HP: 14/14 MP: 1/1
   117 | D:1      | Reached XP level 2. HP: 15/19 MP: 2/2
   330 | D:1      | Reached skill level 3 in Throwing
   677 | D:1      | Reached XP level 3. HP: 24/24 MP: 3/3
  1284 | D:1      | Reached skill level 4 in Throwing
  1832 | D:2      | Reached XP level 4. HP: 21/29 MP: 4/4
  2248 | D:2      | Found an opulent altar of Gozag.
  2922 | D:2      | Found a white marble altar of Elyvilon.
  2923 | D:2      | Found a snail-covered altar of Cheibriados.
  3111 | D:2      | Found a runed translucent door.
  3112 | D:2      | Noticed Crazy Yiuf
  3126 | D:2      | Killed Crazy Yiuf
  3127 | D:2      | Reached skill level 5 in Throwing
  3127 | D:2      | Reached XP level 5. HP: 17/34 MP: 5/5
  3569 | D:3      | Found an iron altar of Okawaru.
  3868 | D:3      | Noticed Natasha
  3876 | D:3      | Killed Natasha
  4054 | D:3      | Found a glowing drain.
  4086 | Sewer    | Entered a sewer
  4154 | Sewer    | Noticed Purgy
  4200 | Sewer    | Killed Purgy
  4201 | Sewer    | Reached skill level 6 in Throwing
  4201 | Sewer    | Reached XP level 6. HP: 10/39 MP: 6/6
  5647 | D:4      | Noticed Grinder
  5661 | D:4      | Paralysed by Grinder for 5 turns
  5666 | D:4      | HP: 1/39 [Grinder (5)]
  5680 | D:4      | Paralysed by Grinder for 6 turns
  5689 | D:4      | Killed from afar by Grinder

Illustrated notes

Levels and vault maps discovered:
D:1:      sevenhm_arrival_forest_fort_small_3, layout_loops_corners,
          serial_forest, infiniplex_forest_lined_3,
          infiniplex_forest_clump_double, infiniplex_forest_zigzag_1,
          infiniplex_forest_lined_3, infiniplex_forest_zigzag_2,
          infiniplex_forest_join, minmay_misc_feat_encased
D:2:      layout_basic, gammafunk_temple_overflow_pools,
          chequers_serial_rivers_small_a, minmay_misc_feat_iff,
          roderic_roman_lattice, st_stairs_11, grunt_gozag_statues,
          uniq_crazy_yiuf_cottage
D:3:      layout_rooms, cheibrodos_sewer_entry_drain, minivault_27,
          okawaru_gym_becter, uniq_natasha
D:4:      layout_basic, serial_shops, nicolae_shop_waterfront, uniq_grinder,
          uniq_duvessa

Skill      XL: |  1  2  3  4  5 |
---------------+----------------+-----
Throwing       | 3 4 5 6 |  6.0
Short Blades   | 3 |  3.6
Fighting       | |  2.0
Dodging        | |  1.0
Stealth        | |  5.3

Action                   |  1- 3 |  4- 6 || total
-------------------------+-------+-------++-------
Melee: Dagger            |   109 |   129 ||   238
       Constrict         |    19 |    36 ||    55
       Tentacles         |    25 |    23 ||    48
Throw: Dart              |       |    26 ||    26
  Use: Potion            |       |     6 ||     6
 Stab: Sleeping          |    12 |    10 ||    22
Armor: Skin              |     4 |    11 ||    15
Dodge: Dodged            |    27 |    90 ||   117
